 Dungeon Crawl Stone Soup version 0.24-a0-219-g9656df7 (webtiles) character file.

Game seed: 10283675672367260200

117 Chronos the Magician (level 5, -5/32 HPs)
             Began as an Octopode Wizard on Mar 30, 2019.
             Slain by an orc warrior
             ... wielding a +0 short sword
              (10 damage)
             ... on level 3 of the Dungeon.
             The game lasted 00:23:24 (3599 turns).

Chronos the Magician (Octopode Wizard)              Turns: 3599, Time: 00:23:25

Health: -5/32      AC:  2    Str:  4 (6)  XL:     5   Next: 1%
Magic:  8/10       EV: 13    Int: 20 (22) God:
Gold:   116        SH:  0    Dex:  7 (10) Spells: 8/11 levels left

rFire    . . .     SeeInvis .   d - +0 dagger
rCold    . . .     Gourm    .   (no shield)
rNeg     . . .     Faith    .   a - +1 hat
rPois    .         Spirit   .   (no amulet)
rElec    .         Reflect  .   m - ring of teleportation (curse)
rCorr    .         Harm     .   (no ring)
MR       .....     Rnd*Tele +   (no ring)
Stlth    +++.......             (no ring)
HPRegen  0.10/turn              (no ring)
MPRegen  0.12/turn              (no ring)
                                (no ring)
                                (no ring)

@: very slightly contaminated
A: almost no armour, stealthy swim, amphibious, 8 rings, constrict 8, camouflage
1, gelatinous body 1
a: no special abilities


You were on level 3 of the Dungeon.
You were hungry.

You visited 1 branch of the dungeon, and saw 3 of its levels.

You collected 116 gold pieces.

Inventory:

Hand Weapons
 d - a +0 dagger (weapon)
 p - a +2 hunting sling of flaming
Missiles
 e - 112 stones (quivered)
 q - 48 arrows
Armour
 a - a +1 hat (worn)
Jewellery
 m - a cursed ring of teleportation (left tentacle)
Scrolls
 f - a scroll of enchant armour
 i - a scroll of magic mapping
 j - 2 scrolls of identify
Potions
 b - a potion of lignification
 h - a potion of heal wounds
 k - a potion of mutation {unknown}
 n - a potion of magic
 r - a potion of might {unknown}
 t - a potion of cancellation {unknown}
Comestibles
 c - 7 rations


   Skills:
 + Level 0.6 Fighting
 + Level 1.0 Short Blades
 + Level 0.1 Slings
 + Level 2.4 Dodging
 + Level 3.3 Stealth
 + Level 0.2 Unarmed Combat
 + Level 3.9 Spellcasting
 + Level 2.3 Conjurations
   Level 1.0 Summonings
 + Level 1.0 Translocations


You had 8 spell levels left.
You knew the following spells:

 Your Spells              Type           Power        Failure   Level  Hunger
a - Magic Dart            Conj           ##..         4%          1    None
b - Blink                 Tloc           N/A          13%         2    ##.....

Your spell library contained the following spells:

 Spells                   Type           Power        Failure   Level  Hunger
 Call Imp                 Summ           #.......     13%         2    ##.....
 Slow                     Hex            #.......     21%         2    ##.....
 Conjure Flame            Conj/Fire      #.......     24%         3    ###....
 Mephitic Cloud           Conj/Pois/Air  #.......     28%         3    ###....


Dungeon Overview and Level Annotations

Branches:
Dungeon (3/15)

Altars:
Makhleb


Innate Abilities, Weirdness & Mutations

You cannot wear most types of armour.
You are very stealthy in the water. (Stealth+)
You are amphibious.
You can wear up to eight rings at the same time.
You can use your tentacles to constrict eight enemies at once.
Your skin changes colour to match your surroundings (Stealth+).
Your rubbery body absorbs attacks. (AC +1, EV +1)


Message History

The adder zombie is heavily damaged.
The adder zombie barely misses you.
As you read the scroll labeled OREYVIEZUS, it crumbles to dust.
You hear a loud clanging noise!
It was a scroll of noise.
The orc shouts!
The orc warrior shouts!
The orc shouts!
You hear a shout! x2
You hear an angry hiss.
The adder zombie misses you.
As you read the scroll labeled MITARE AKAOWO, it crumbles to dust.
The creatures around you are filled with an inner flame!
It was a scroll of immolation.
A giant cockroach comes into view.
The adder zombie bites you. The orc hits you with a +0 trident!
* * * LOW HITPOINT WARNING * * *
As you read the scroll labeled TOZEPI COPT, it crumbles to dust.
It is a scroll of identify.
n - a potion of magic The adder zombie barely misses you.
The orc warrior hits you with a +0 short sword!
You die...

######### ........# ........#
........### .......<'.. .
........### ########+#...
...>.......
#.........###################
#.........PP@8.>....
#..........Zoo......
#............o......
#..o..o.............
#..........#..w.....
#..........#........
#..o.......#s#.#....
#s.o...........#....


You could see an orc warrior (inner flame), a worm (inner flame), 3 orcs, an
adder zombie (inner flame) and a giant cockroach.

Vanquished Creatures
  4 gnolls
  2 adders
  A worm (D:2)
  2 dart slugs
  3 leopard geckos (D:2)
  6 bats
  3 giant cockroaches (D:1)
  3 goblins
  3 hobgoblins
  10 jackals
  3 frilled lizards (D:1)
  5 kobolds
  3 rats
48 creatures vanquished.

Notes
Turn   | Place    | Note
-------+----------+-------------------------------------------
     0 | D:1      | Chronos the Octopode Wizard began the quest for the Orb.
     0 | D:1      | Reached XP level 1. HP: 11/11 MP: 4/4
    70 | D:1      | Reached XP level 2. HP: 17/17 MP: 0/6
   949 | D:1      | Reached XP level 3. HP: 18/21 MP: 4/8
   954 | D:1      | Learned a level 2 spell: Blink
  1808 | D:1      | Reached XP level 4. HP: 14/27 MP: 1/9
  2983 | D:2      | Found a burning altar of Makhleb.
  3027 | D:2      | Reached skill level 1 in Short Blades
  3590 | D:3      | Reached XP level 5. HP: 12/32 MP: 7/10
  3595 | D:3      | Noticed an orc warrior
  3599 | D:3      | Slain by an orc warrior

Levels and vault maps discovered:
D:1:      minmay_arrival_four_houses, layout_rooms
D:2:      layout_loops_cross, lemuel_coloured_pillars_altar
D:3:      layout_basic, overflow_temple_1_default, first_ration, serial_undead,
          serial_undead_e, serial_undead_a, serial_undead_c, serial_undead_f,
          serial_undead_d, kennysheep_pointless_box

Skill      XL: |  1  2  3  4 |
---------------+-------------+-----
Stealth        | 3 |  3.3
Conjurations   | 2 |  2.3
Short Blades   | 1 |  1.0
Fighting       | |  0.6
Slings         | |  0.1
Dodging        | |  2.4
Unarmed Combat | |  0.2
Spellcasting   | |  3.9
Summonings     | |  1.0
Translocations | |  1.0

Action                   |  1- 3 |  4- 6 || total
-------------------------+-------+-------++-------
Melee: Unarmed           |    12 |       ||    12
       Constrict         |    17 |    11 ||    28
       Tentacles         |     4 |     3 ||     7
       Dagger            |    57 |    59 ||   116
       Hunting sling     |     2 |       ||     2
 Fire: Hunting sling     |     4 |       ||     4
Throw: Stone             |     1 |       ||     1
 Cast: Magic Dart        |    52 |    29 ||    81
  Use: Potion            |     1 |     2 ||     3
       Scroll            |     1 |     5 ||     6
 Stab: Sleeping          |     1 |     3 ||     4
       Distracted        |       |     1 ||     1
  Eat: Chunk             |     2 |     2 ||     4
       Ration            |       |     1 ||     1
Armor: Skin              |    16 |    13 ||    29
Dodge: Dodged            |    71 |    69 ||   140

Table legend:
 A = Non-vault XP
 B = Vault XP
 C = Vault XP percentage of total XP
 D = Non-vault monster count
 E = Vault monster count
 F = Vault count percentage of total count
                 A         B        C        D         E       F
            +---------+---------+-------+---------+---------+-------
      Total |     168 |       0 |   0.0 |      48 |       0 |   0.0
            +---------+---------+-------+---------+---------+-------
        D:1 |      91 |       0 |   0.0 |      29 |       0 |   0.0
        D:2 |      64 |       0 |   0.0 |      18 |       0 |   0.0
        D:3 |      13 |       0 |   0.0 |       1 |       0 |   0.0
            +---------+---------+-------+---------+---------+-------
